 Dungeon Crawl Stone Soup version 0.27-a0-1191-g601b473118 (webtiles) character file.

Game seed: 4918319330581022848

273 bande the Shield-Bearer (level 6, -2/57 HPs)
             Began as a Gargoyle Fighter on May 24, 2021.
             Slain by Pikel
             ... wielding a +0 whip of flaming
              (3 damage)
             ... on level 4 of the Dungeon.
             The game lasted 00:05:37 (3548 turns).

bande the Shield-Bearer (Gargoyle Fighter)          Turns: 3548, Time: 00:05:37

Health: -2/57      AC: 14    Str: 21    XL:     6   Next: 24%
Magic:  6/6        EV:  8    Int:  8    God:
Gold:   192        SH: 10    Dex: 10    Spells: 5/5 levels left

rFire    . . .     SeeInvis .   a - +0 war axe (freeze)
rCold    . . .     Faith    .   c - +1 kite shield
rNeg     + . .     Spirit   .   b - +0 scale mail
rPois    ∞         Reflect  .   (no helmet)
rElec    +         Harm     .   j - +2 cloak {rPois}
rCorr    .         Rampage  .   (no gloves)
Will     .....                  (no boots)
Stlth    ..........             (no amulet)
HPRegen  0.19/turn              (no ring)
MPRegen  0.10/turn              (no ring)

@: berserking, very quick
A: sickness immunity, AC +4, negative energy resistance 1, electricity
resistance, torment resistance 1, petrification resistance
a: no special abilities


You were on level 4 of the Dungeon.
You visited 1 branch of the dungeon, and saw 4 of its levels.

You collected 192 gold pieces.

Inventory:

Hand Weapons
 a - a +0 war axe of freezing (weapon)
 g - a +0 hand axe of electrocution
Armour
 b - a +0 scale mail (worn)
 c - a +1 kite shield (worn)
 h - a +0 tower shield
 j - a +2 cloak of poison resistance (worn)
Wands
 l - a wand of iceblast (7)
Scrolls
 k - a scroll of fog {unknown}
Potions
 d - a potion of might
 e - 2 potions of flight
 i - 2 potions of curing


   Skills:
 + Level 4.0 Fighting
 + Level 3.8 Axes
 + Level 4.3 Armour
 + Level 1.1 Dodging
 + Level 4.5 Shields


You had 5 spell levels left.
You didn't know any spells.
Your spell library contained the following spells:

 Spells                   Type           Power      Damage    Failure   Level
 Beastly Appendage        Tmut           0%         N/A       99%         1
 Wereblood                Tmut           0%         N/A       100%        2
 Spider Form              Tmut/Pois      0%         N/A       100%        3
 Ice Form                 Ice/Tmut       0%         N/A       100%        4
 Hydra Form               Tmut           0%         N/A       100%        5


Dungeon Overview and Level Annotations

Branches:
Dungeon (4/15)
 Temple: D:4-7

Altars:

Annotations:
D:4 Pikel


Innate Abilities, Weirdness & Mutations

You are immune to sickness and miasma.
Your stone body is resilient. (AC +4)
You are immune to poison.
You resist negative energy. (rN+)
You are resistant to electric shocks. (rElec)
You are resistant to unholy torment.
You are immune to petrification.


Message History

You hit the lemure. You freeze the lemure.
You kill the lemure!
That felt strangely unrewarding.
You closely miss the lemure. You barely miss the lemure. You slash the lemure!
You freeze the lemure. The lemure closely misses you. You block Pikel's attack.
The lemure barely misses you. The lemure hits you but does no damage.
You hit Pikel. You freeze Pikel.
Pikel is heavily wounded.
You hit the lemure. You freeze the lemure.
You kill the lemure!
That felt strangely unrewarding.
You closely miss the lemure. You slash the lemure! You freeze the lemure.
You kill the lemure!
That felt strangely unrewarding.
Pikel drinks a potion.
Pikel is healed!
You closely miss Pikel. You slash the iguana! You freeze the iguana.
You hit the lemure. You freeze the lemure. The lemure completely misses you.
An orc comes into view. It is wielding a +0 short sword.
You block Pikel's attack. The iguana barely misses you. The lemure hits you.
* * * LOW HITPOINT WARNING * * *
Unknown command.
You closely miss Pikel. You hit the lemure. You freeze the lemure.
You slash the iguana! You freeze the iguana.
You kill the iguana!
Pikel hits you but does no damage. You block the lemure's attack.
You closely miss Pikel. You barely miss the lemure.
Pikel hits you with a +0 whip of flaming.
* * * LOW HITPOINT WARNING * * *
Pikel burns you.
* * * LOW HITPOINT WARNING * * *
You block the lemure's attack.
Unknown command.
You closely miss Pikel. You closely miss the lemure.
An orc comes into view. It is wielding a +0 short sword.
Pikel barely misses you. You block the lemure's attack.
You slash Pikel! You freeze Pikel.
Pikel is moderately wounded.
You barely miss the lemure.
Pikel says, "You'll feel the lick of my whip!"
Pikel hits you with a +0 whip of flaming.
You die...

............ .o#
...........##..#
........(.......
..................##..#.#
...........o.# #......#..
.....).......###..##....
#...5.K##.##...##...
##.#.?@.......#....#..#
#.......##....#....#...
#..##...##...###...##..
#... #...............##.
... #.............#.....
...................#.....
...................####..
...................##...
..........###.#.##.##...


You could see Pikel, a lemure and 2 orcs.

Vanquished Creatures
  3 lemures (D:4)
  A hound (D:3)
  An orc priest (D:3)
  Crazy Yiuf (D:2)
  2 bullfrog skeletons
  An iguana (D:4)
  An adder (D:2)
  An adder skeleton (D:4)
  7 dart slugs
  3 orcs (D:3)
  6 endoplasms
  3 giant cockroaches
  6 goblins
  5 hobgoblins
  8 jackals (D:1)
  4 quokkas
  2 ball pythons (D:2)
  7 bats
  5 frilled lizards
  6 kobolds
  4 rats
77 creatures vanquished.

Vanquished Creatures (collateral kills)
  A goblin (D:2)
1 creature vanquished.

Grand Total: 78 creatures vanquished

Notes
Turn   | Place    | Note
-------+----------+-------------------------------------------
     0 | D:1      | bande the Gargoyle Fighter began the quest for the Orb.
     0 | D:1      | Reached XP level 1. HP: 14/14 MP: 1/1
   315 | D:1      | Reached XP level 2. HP: 19/19 MP: 2/2
   652 | D:1      | Reached XP level 3. HP: 22/23 MP: 3/3
   916 | D:1      | Found a faded altar of an unknown god.
  1710 | D:2      | Reached XP level 4. HP: 28/28 MP: 4/4
  2564 | D:2      | Found a runed translucent door.
  2565 | D:2      | Noticed Crazy Yiuf
  2754 | D:2      | Killed Crazy Yiuf
  2875 | D:3      | Reached XP level 5. HP: 33/33 MP: 5/5
  3195 | D:3      | Reached skill level 1 in Dodging
  3523 | D:4      | Noticed a lemure
  3523 | D:4      | Noticed a lemure
  3524 | D:4      | Noticed Pikel
  3526 | D:4      | Noticed a lemure
  3528 | D:4      | Noticed a lemure
  3532 | D:4      | Reached XP level 6. HP: 27/38 MP: 6/6
  3544 | D:4      | HP: 2/57 [lemure[Pikel] (4)]
  3548 | D:4      | Slain by Pikel

Illustrated notes

Levels and vault maps discovered:
D:1:      shiori_arrival_maze, layout_basic,
          shapermc_ecumenical_altar_notcrosses, patterned_corridor
D:2:      layout_basic, uniq_crazy_yiuf_cottage
D:3:      layout_rooms, minmay_statues_item
D:4:      layout_rooms, serial_shops, shop, uniq_grinder, uniq_pikel

Skill      XL: |  1  2  3  4  5 |
---------------+----------------+-----
Axes           | 2 3 |  3.8
Shields        | 4 |  4.5
Armour         | 4 |  4.3
Dodging        | 1 |  1.1
Fighting       | 4 |  4.0

Action                   |  1- 3 |  4- 6 || total
-------------------------+-------+-------++-------
Melee: War axe           |    55 |   110 ||   165
       Hand axe          |    62 |    19 ||    81
  Use: Scroll            |     2 |     5 ||     7
       Potion            |       |     6 ||     6
Armor: Scale mail        |    70 |    92 ||   162
Dodge: Dodged            |    38 |    58 ||    96
Block: Kite shield       |    69 |    86 ||   155

Table legend: (Time is in decaauts)
 A = Elapsed time spent in this place.
 B = Non-inter-level travel time spent in this place.
 C = Inter-level travel time spent in this place.
 D = Time resting spent in this place.
 E = Time spent auto-exploring this place.
 F = Levels seen in this place.
 G = Mean time per level.
                   A        B        C        D        E       F      G
               +--------+--------+--------+--------+--------+-----+--------+
         Total |   3686 |   3606 |     80 |    386 |   2476 |   4 |  921.5 |
       Dungeon |   3686 |   3606 |     80 |    386 |   2476 |   4 |  921.5 |
               +--------+--------+--------+--------+--------+-----+--------+

Top non-repeatable levels by time:
     D:1: 1579 daAuts
     D:2: 1295 daAuts
     D:3: 617 daAuts
     D:4: 194 daAuts
